 Dungeon Crawl Stone Soup version 0.29-a0-378-gc08b2e8bf8 (webtiles) character file.

Game seed: 8318936879188452428

50900 quokkamancerX the Fighter (level 14, -4/95 HPs)
             Began as a Gargoyle Earth Elementalist on May 4, 2022.
             Was a High Priest of Vehumet.
             Slain by a sun demon (11 damage)
             ... summoned by an obsidian statue
             ... in a Gauntlet on May 5, 2022.
             The game lasted 02:01:25 (23341 turns).

quokkamancerX the Fighter (GrEE)                   Turns: 23341, Time: 02:01:26

Health: -4/95      AC: 26    Str: 12    XL:     14   Next: 57%
Magic:  27/28      EV: 14    Int: 27    God:    Vehumet [*****.]
Gold:   1257       SH: 10    Dex: 10    Spells: 27/33 levels left

rFire   . . .      SeeInvis .   a - +2 dagger (venom)
rCold   + . .      Faith    .   n - +0 kite shield
rNeg    + . .      Spirit   .   F - +2 robe {Will+}
rPois   ∞          Reflect  .   f - +2 helmet
rElec   +          Harm     .   x - +2 cloak
rCorr   .          Rampage  .   y - +2 pair of gloves
Will    ++...      NoTele   +   I - +2 pair of boots
Stlth   ++........              u - amulet of regeneration
HPRegen 1.05/turn               t - +6 ring of intelligence
MPRegen 0.21/turn               H - ring of protection from cold

@: flying
A: sickness immunity, AC +10, big wings, negative energy resistance 1,
electricity resistance, torment resistance 1, petrification resistance
a: Renounce Religion


You were in a Gauntlet.
You worshipped Vehumet.
Vehumet was extremely pleased with you.
You visited 3 branches of the dungeon, and saw 19 of its levels.
You also visited: Sewer and Gauntlet.

You collected 1535 gold pieces.
You spent 278 gold pieces at shops.

Inventory:

Hand Weapons
 a - a +2 dagger of venom (weapon)
Missiles
 d - 334 stones
 q - 3 curare-tipped darts
 v - a throwing net
Armour
 f - a +2 helmet (worn)
 i - a scarf of resistance
 n - a +0 kite shield (worn)
 x - a +2 cloak (worn)
 y - a +2 pair of gloves (worn)
 F - a +2 robe of willpower (worn)
 I - a +2 pair of boots (worn)
 M - +0 ice dragon scales
 V - the -3 hat of Mimunuef {rN+}
   (You found it in a Gauntlet)

   rN:        It protects you from negative energy.
Magical Staves
 b - a staff of earth
Jewellery
 c - a ring of willpower
 t - a +6 ring of intelligence (left hand)
 u - an amulet of regeneration (around neck)
 z - a ring of resist corrosion
 H - a ring of protection from cold (right hand)
 S - the ring of Biokyete {+Blink rElec rC- Int+6}
   (You found it on level 2 of the Lair of Beasts)

   [ring of intelligence]

   Int:       It affects your intelligence (+6).
   rC:        It makes you vulnerable to cold.
   rElec:     It insulates you from electricity.
   +Blink:    It lets you blink.
Wands
 G - a wand of iceblast (8)
 K - a wand of acid (5)
 N - a wand of charming (6)
 O - a wand of mindburst (7)
 R - a wand of flame (4) (quivered)
Scrolls
 e - 2 scrolls of poison
 h - 4 scrolls of immolation
 k - 2 scrolls of fog
 m - 2 scrolls of blinking
 o - 3 scrolls of magic mapping
 p - 2 scrolls of silence
 s - 9 scrolls of teleportation
 w - 8 scrolls of amnesia
 A - 5 scrolls of fear
 P - a scroll of summoning
 Q - 2 scrolls of enchant armour
 T - 2 scrolls of enchant weapon {unknown}
Potions
 g - 6 potions of might
 j - 5 potions of attraction
 l - 2 potions of resistance
 r - 4 potions of mutation
 B - 6 potions of curing
 C - 3 potions of brilliance
 D - 3 potions of heal wounds
 J - a potion of ambrosia
 L - a potion of flight
 U - 3 potions of lignification {unknown}


   Skills:
 + Level 13.8 Fighting
 - Level 10.0 Dodging
 - Level 2.1 Stealth
 - Level 10.0 Shields
 - Level 10.0 Spellcasting
 + Level 11.0 Conjurations
 - Level 0.7 Transmutations
 - Level 10.0 Earth Magic


You had 27 spell levels left.
You knew the following spells:

 Your Spells              Type           Power      Damage    Failure   Level
a - Sandblast             Erth           100%       2d20      1%          1
b - Passwall              Tmut/Erth      35%        N/A       1%          2
c - Stone Arrow           Conj/Erth      100%       3d13      1%          3

Your spell library contained the following spells:

 Spells                   Type           Power      Damage    Failure   Level
 Lee's Rapid Deconstruct  Erth           30%        3d17*     1%          5
 Foxfire                  Conj/Fire      100%       2x1d9     1%          1
 Shock                    Conj/Air       100%       1d9       1%          1
 Conjure Flame            Conj/Fire      43%        6-21      1%          3
 Iskenderun's Battlesphe  Conj           64%        2d11      1%          5
 Flame Wave               Conj/Fire      43%        2d9       2%          4
 Poisonous Vapours        Pois/Air       26%        N/A       4%          2
 Fireball                 Conj/Fire      21%        3d10      7%          5
 Irradiate                Conj/Tmut      22%        3d20      7%          5
 Inner Flame              Hex/Fire       13%        N/A       8%          3
 Pain                     Necr           52%        1d6       10%         1
 Summon Small Mammal      Summ           52%        N/A       10%         1
 Petrify                  Tmut/Erth      42%        N/A       11%         4
 Animate Armour           Summ/Erth      80%        N/A       12%         4
 Corpse Rot               Necr/Air       26%        N/A       14%         2
 Orb of Destruction       Conj           32%        9d10      22%         7
 Call Canine Familiar     Summ           13%        N/A       28%         3
 Summon Guardian Golem    Hex/Summ       13%        N/A       28%         3
 Swiftness                Air            13%        N/A       28%         3
 Tukima's Dance           Hex            13%        N/A       28%         3
 Vampiric Draining        Necr           13%        2d6       28%         3
 Conjure Ball Lightning   Conj/Air       21%        3x3d6     36%         6
 Starburst                Conj/Fire      21%        6d7       36%         6
 Anguish                  Hex/Necr       6%         N/A       67%         4
 Cause Fear               Hex            6%         N/A       67%         4
 Summon Lightning Spire   Summ/Air       13%        N/A       67%         4
 Lehudib's Crystal Spear  Conj/Erth      31%        10d8      87%         8
 Excruciating Wounds      Necr           6%         N/A       95%         5
 Simulacrum               Ice/Necr       6%         N/A       100%        6
 Enfeeble                 Hex            6%         N/A       100%        7
 Storm Form               Tmut/Air       7%         N/A       100%        7
 Borgnjor's Revivificati  Necr           6%         N/A       100%        8
 Discord                  Hex            6%         N/A       100%        8
 Ignition                 Fire           6%         3d4       100%        8
 Maxwell's Capacitive Co  Air            6%         ∞         100%        8
 Sublimation of Blood     Necr           Unusable   N/A       N/A         2

Dungeon Overview and Level Annotations

Branches:
Dungeon (12/15)            Temple (1/1) D:6            Lair (6/6) D:11
  Swamp (0/4) Lair:4       Spider (0/4) Lair:2        Slime (0/5) Lair:6
    Orc (0/2) D:10          Sewer (visited)         Gauntlet (1/1)

Altars:
Ashenzari
Cheibriados
Dithmenos
Elyvilon
Fedhas
Gozag
Hepliaklqana
Kikubaaqudgha
Makhleb
Nemelex Xobeh
Okawaru
Qazlal
Ru
Sif Muna
Trog
Uskayaw
Vehumet
Wu Jian
Xom
Yredelemnul
Zin
The Shining One
Jiyva

Shops:
D:2 :*((   D:10 (

Annotations:
Lair:1 3 runed translucent doors, Sekkong's ghost, journeyman MiFi
Lair:3 2 transporters Gauntlet 7 transporters, 3 runed translucent doors, exclusion: obsidian statue


Innate Abilities, Weirdness & Mutations

You are immune to sickness and miasma.
Your stone body is resilient. (AC +10)
You are immune to poison.
Your large and strong wings let you fly.
You resist negative energy. (rN+)
You are resistant to electric shocks. (rElec)
You are resistant to unholy torment.
You are immune to petrification.


Message History

The quasit claws you but does no damage.
The sun demon misses you.
The obsidian statue's eyes glow briefly.
The obsidian statue attempts to bespell you!
You resist with almost no effort.
You barely miss the sun demon. The sun demon hits you!
You are engulfed in flames!
* * * LOW HITPOINT WARNING * * *
You block the quasit's attack. x2; The quasit barely misses you.
The obsidian statue's eyes glow briefly.
The obsidian statue attempts to bespell you!
You are mesmerised by the obsidian statue!
The quasit bites you but does no damage.
The quasit claws you but does no damage.
The quasit misses you. The sun demon misses you.
You hit the sun demon but do no damage. You block the quasit's attack.
The quasit barely misses you. The quasit misses you.
The sun demon barely misses you.
You closely miss the sun demon. You block the quasit's attack.
The quasit misses you. The quasit closely misses you.
You block the sun demon's attack.
The obsidian statue slips into the dungeon's darkness for a moment.
The quasit closely misses you. You block the quasit's attack.
The quasit barely misses you. The sun demon hits you.
* * * LOW HITPOINT WARNING * * *
You are engulfed in flames!
* * * LOW HITPOINT WARNING * * *
You closely miss the sun demon. The quasit bites you.
* * * LOW HITPOINT WARNING * * *
The quasit claws you but does no damage.
The quasit closely misses you. You block the sun demon's attack.
Your magical effects are unravelling.
You feel magically purged.
You break out of your daze.
The quasit bites you but does no damage.
You block the quasit's attack. x2
The obsidian statue's eyes glow briefly.
The obsidian statue attempts to bespell you!
You resist. The sun demon hits you!
You die...

##≈....#©.........©#....≈#
##.#########.#########.##
##≈.#^......#.#...##..#.≈#
#≈≈.#..####.#.#z.##...#.≈≈
##≈.#.#..^#.#.#z##..#.#.≈#
##.#.#.©.#.###z#.©##.#.##
##≈.#5#^..#.#.#z..##..#.≈#
#≈≈.#5####5.#.#zz##zz.#.≈≈
##≈.#8433@.^#.#z##zzzz#.≈#
##.#########.#########.##
##≈.....................≈#
#≈≈≈#≈≈≈#..∩.8.∩..#≈≈≈#≈≈≈
##≈###≈###.......###≈###≈#
### ### ######### ### ###
.......... 8.8.©.©.8.8
.............


You could see an obsidian statue, a sun demon (summoned), a sixfirhy (summoned),
a chaos spawn (summoned), 7 flying skulls, a quasit (summoned) and a shadow imp
(summoned).

Vanquished Creatures
  Josephine (Lair:4)
  4 hydras
  A boulder beetle (D:11)
  4 two-headed ogres
  3 death yaks (Lair:5)
  The ghost of turdburglar the Carver, a novice MiBe of Trog (D:7)
  Lodul (D:12)
  An ugly thing (D:12)
  2 manticores
  A worldbinder (Gauntlet)
  3 black mambas
  15 elephants
  A torpor snail (Lair:4)
  A gargoyle (D:10)
  4 cane toads
  16 komodo dragons
  A kobold demonologist (D:7)
  A rime drake (Lair:5)
  A queen bee (Gauntlet)
  2 polar bears (Lair:5)
  6 trolls
  A tyrant leech (Lair:4)
  Grinder (D:6)
  2 hornets
  5 slime creatures
  22 blink frogs
  5 dream sheep (Lair:5)
  Sigmund (D:7)
  4 shadows (D:10)
  6 wraiths
  A vampire (D:11)
  6 wyverns
  45 yaks
  2 redbacks (Lair:2)
  4 basilisks
  3 steam dragons
  3 vampire mosquitoes (D:12)
  Edmund (D:7)
  13 water moccasins
  4 orc warriors
  A sky beast (D:6)
  4 ice beasts
  3 centaurs
  9 ogres
  11 wolves
  3 boggarts (Gauntlet)
  Blork the orc (D:6)
  7 kobold brigands
  9 bullfrogs
  2 necrophages
  4 gnoll sergeants
  4 scorpions
  3 wights (D:10)
  26 killer bees
  An electric eel (Lair:4)
  9 howler monkeys
  A crimson imp (D:8)
  4 jellies
  3 quasits (D:7)
  A hound (D:6)
  A gnoll shaman (D:7)
  An orc priest (D:6)
  7 iguanas
  3 orc wizards
  11 hell rats
  22 gnolls
  16 adders
  A river rat (Sewer)
  A shadow imp (D:7)
  2 white imps (D:8)
  2 ufetubi (D:5)
  10 worms
  8 dart slugs
  36 orcs
  5 bats
  7 endoplasms
  9 giant cockroaches
  15 goblins
  11 hobgoblins
  38 kobolds
  2 quokkas
  6 ball pythons
  3 frilled lizards
  11 rats
533 creatures vanquished.

Vanquished Creatures (others)
  A bush (D:11)
  35 fungi
  83 plants
119 creatures vanquished.

Grand Total: 652 creatures vanquished

Notes
Turn   | Place    | Note
-------+----------+-------------------------------------------
     0 | D:1      | quokkamancerX the Gargoyle Earth Elementalist began the
                  | quest for the Orb.
     0 | D:1      | Reached XP level 1. HP: 10/10 MP: 3/3
   387 | D:1      | Reached XP level 2. HP: 15/15 MP: 5/5
   468 | D:1      | Found a faded altar of an unknown god.
  1100 | D:2      | Reached XP level 3. HP: 19/19 MP: 5/7
  1136 | D:2      | Found Seninoirr's Book Emporium.
  1191 | D:2      | Found Tihison's General Store.
  1275 | D:2      | Found Onuo's Antique Weapon Boutique.
  1416 | D:2      | Found Weuseopn's Weapon Shoppe.
  2140 | D:3      | Reached XP level 4. HP: 24/24 MP: 4/8
  2156 | D:2      | Bought a scroll of magic mapping for 35 gold pieces
  2178 | D:3      | Found a glowing drain.
  2226 | Sewer    | Entered a sewer
  2252 | Sewer    | Reached skill level 5 in Earth Magic
  2287 | Sewer    | Noticed a kobold brigand
  2306 | Sewer    | Killed a kobold brigand
  2307 | Sewer    | Reached XP level 5. HP: 22/28 MP: 5/10
  2735 | Sewer    | Noticed a kobold brigand
  2765 | Sewer    | Killed a kobold brigand
  2766 | Sewer    | Reached XP level 6. HP: 25/32 MP: 5/12
  4302 | D:4      | Reached XP level 7. HP: 36/36 MP: 12/14
  4320 | D:4      | Reached skill level 5 in Spellcasting
  5503 | D:5      | Entered Level 5 of the Dungeon
  6013 | D:5      | Reached XP level 8. HP: 41/41 MP: 14/16
  6678 | D:6      | Found a staircase to the Ecumenical Temple.
  6689 | Temple   | Entered the Ecumenical Temple
  7255 | Temple   | Became a worshipper of Vehumet
  7641 | D:6      | Got the Reference Book on Evil Magic
  7668 | D:6      | Noticed Blork the orc
  7671 | D:6      | Killed Blork the orc
  7861 | D:6      | Noticed Grinder
  7880 | D:6      | Killed Grinder
  7881 | D:6      | Reached skill level 10 in Earth Magic
  7881 | D:6      | Reached XP level 9. HP: 38/45 MP: 17/20
  8030 | D:2      | Bought a scroll of teleportation for 30 gold pieces
  8030 | D:2      | Bought a +2 robe of willpower for 177 gold pieces
  8131 | D:7      | Noticed a kobold demonologist
  8133 | D:7      | Killed a kobold demonologist
  8303 | D:6      | Learned a level 2 spell: Passwall
  8307 | D:6      | Learned a level 3 spell: Stone Arrow
  8410 | D:7      | Reached skill level 1 in Fighting
  8511 | D:7      | Reached * piety under Vehumet
  8511 | D:7      | Offered knowledge of Shock by Vehumet.
  8512 | D:7      | Reached skill level 2 in Fighting
  8620 | D:7      | Noticed turdburglar's ghost (novice MiBe)
  8629 | D:7      | Found a transporter.
  8688 | D:7      | Found a transporter.
  8774 | D:7      | Noticed Sigmund
  8807 | D:7      | Killed Sigmund
  8808 | D:7      | Reached skill level 3 in Fighting
  8825 | D:7      | Noticed Edmund
  8833 | D:7      | Killed Edmund
  9227 | D:7      | Reached skill level 4 in Fighting
  9254 | D:7      | Killed turdburglar's ghost
  9255 | D:7      | Reached skill level 5 in Fighting
  9255 | D:7      | Reached skill level 10 in Spellcasting
  9255 | D:7      | Reached XP level 10. HP: 50/60 MP: 7/24
  9577 | D:8      | Reached skill level 6 in Fighting
  9877 | D:8      | Reached skill level 1 in Shields
 10019 | D:8      | Offered knowledge of Scorch by Vehumet.
 10029 | D:8      | Reached ** piety under Vehumet
 10267 | D:8      | Found a hazy altar of Hepliaklqana.
 10269 | D:8      | Found a faded altar of an unknown god.
 10363 | D:8      | Got the Handbook of Evil
 10701 | D:9      | Reached skill level 7 in Fighting
 10742 | D:9      | Noticed a two-headed ogre
 10821 | D:9      | Killed a two-headed ogre
 10878 | D:9      | Reached skill level 8 in Fighting
 10878 | D:9      | Reached skill level 5 in Shields
 10988 | D:9      | Offered knowledge of Searing Ray by Vehumet.
 11351 | D:10     | Entered Level 10 of the Dungeon
 11430 | D:10     | Found Bealeoz's Weapon Boutique.
 11432 | D:10     | Found a staircase to the Orcish Mines.
 11459 | D:10     | Reached *** piety under Vehumet
 11460 | D:10     | Reached XP level 11. HP: 69/69 MP: 22/25
 11489 | D:10     | Bought a throwing net for 36 gold pieces
 11519 | D:10     | Reached skill level 9 in Fighting
 12224 | D:10     | Offered knowledge of Hailstorm by Vehumet.
 12419 | D:11     | Noticed a boulder beetle
 12598 | D:11     | Found a staircase to the Lair.
 12620 | D:11     | Reached skill level 10 in Fighting
 12636 | D:11     | Noticed a two-headed ogre
 12646 | D:11     | Killed a two-headed ogre
 12664 | D:11     | Killed a boulder beetle
 12937 | D:11     | Reached skill level 1 in Conjurations
 13120 | D:11     | Reached **** piety under Vehumet
 13137 | D:11     | Reached skill level 10 in Shields
 13143 | D:11     | Offered knowledge of Olgreb's Toxic Radiance by Vehumet.
 13220 | D:11     | Noticed a manticore
 13226 | D:11     | Killed a manticore
 13227 | D:11     | Reached XP level 12. HP: 69/77 MP: 22/26
 13766 | D:12     | Reached skill level 5 in Conjurations
 13890 | D:12     | Noticed a two-headed ogre
 13903 | D:12     | Killed a two-headed ogre
 13955 | D:12     | Reached skill level 5 in Dodging
 14106 | D:12     | Noticed Lodul
 14157 | D:12     | Noticed a two-headed ogre
 14170 | D:12     | Killed a two-headed ogre
 14213 | D:12     | Killed Lodul
 15120 | D:11     | Upgraded the game from 0.29-a0-375-g5102b3be25 to
                  | 0.29-a0-378-gc08b2e8bf8
 15147 | Lair:1   | Entered Level 1 of the Lair of Beasts
 15383 | Lair:1   | Noticed a minotaur
 15383 | Lair:1   | Noticed Sekkong's ghost (journeyman MiFi)
 15443 | Lair:1   | Found a runed translucent gate.
 15443 | Lair:1   | Found a runed translucent gate.
 15443 | Lair:1   | Found a runed translucent gate.
 15962 | Lair:1   | You fall into a shaft and drop 1 floor!
 16082 | Lair:2   | Reached XP level 13. HP: 82/82 MP: 27/27
 16138 | Lair:2   | Found a hole to the Spider Nest.
 16167 | Lair:2   | Reached ***** piety under Vehumet
 16311 | Lair:2   | Offered knowledge of Lightning Bolt by Vehumet.
 17204 | Lair:2   | Identified the ring of Biokyete {+Blink rElec rC- Int+6}
 17760 | Lair:3   | Reached skill level 10 in Conjurations
 18350 | Lair:3   | Found a transporter.
 18371 | Lair:3   | Got the Catalogue of Flying Transmigration
 19083 | Lair:3   | Found a transporter.
 19255 | Lair:4   | Reached skill level 11 in Fighting
 19774 | Lair:4   | Noticed Josephine
 19782 | Lair:4   | Killed Josephine
 20220 | Lair:4   | Found a staircase to the Swamp.
 20423 | Lair:4   | Reached skill level 12 in Fighting
 20423 | Lair:4   | Gained mutation: Your large and strong wings let you fly.
                  | [Gargoyle growth]
 20423 | Lair:4   | Reached XP level 14. HP: 92/92 MP: 18/28
 20750 | Lair:5   | Offered knowledge of Lee's Rapid Deconstruction by Vehumet.
 20967 | Lair:5   | Reached skill level 10 in Dodging
 21206 | Lair:5   | Reached skill level 13 in Fighting
 22327 | Lair:6   | Entered Level 6 of the Lair of Beasts
 22336 | Lair:6   | Found a gate leading to a gauntlet.
 22427 | Lair:6   | Found a staircase to the Slime Pits.
 22428 | Lair:6   | Found a viscous altar of Jiyva.
 22651 | Gauntlet | Entered a Gauntlet
 22651 | Gauntlet | Found a transporter.
 22651 | Gauntlet | Found a transporter.
 22651 | Gauntlet | Found a runed translucent door.
 22652 | Gauntlet | Found a runed translucent door.
 22666 | Gauntlet | Found a transporter.
 22670 | Gauntlet | Found a transporter.
 22674 | Gauntlet | Found a runed translucent door.
 22674 | Gauntlet | Found a runed translucent door.
 22678 | Gauntlet | Found a transporter.
 22682 | Gauntlet | Found a transporter.
 22690 | Gauntlet | Found a transporter.
 22710 | Gauntlet | Found a transporter.
 22727 | Gauntlet | Found a transporter.
 22731 | Gauntlet | Found a transporter.
 22739 | Gauntlet | Found a transporter.
 22743 | Gauntlet | Found a transporter.
 23272 | Gauntlet | Identified the -3 hat of Mimunuef {rN+}
 23341 | Gauntlet | Slain by a sun demon

Illustrated notes

Levels and vault maps discovered:
D:1:      psy_arrival_spokes, layout_basic,
          hellmonk_ecumenical_altar_pennies_from_heaven
D:2:      layout_basic, serial_shops, nicolae_shop_hallway_stairs,
          nicolae_shop_behind_doors, nicolae_shop_waterfront, shop,
          minmay_tree_intersection, minmay_worlds_worst_comb
D:3:      layout_basic, cheibrodos_sewer_entry_drain, serial_park_tiny_pond
D:4:      corexii_shantytown, layout_loops_ring
D:5:      layout_basic
D:6:      layout_basic, temple_pool_b, uniq_grinder, uniq_blork_the_orc
D:7:      layout_gridville, gammafunk_ghost_stat_death, grunt_decor_cap,
          sigmund_edmund_badplayer
D:8:      layout_rooms, beargit_hepliaklqana_dungeon_heroes,
          minmay_fire_ice_demons
D:9:      layout_cave_pools, nrook_uturn
D:10:     layout_irregular_city, orc_david_3, minmay_fractal_squares_diagonal_5
D:11:     layout_basic, minmay_lair_entry_grove
D:12:     layout_small_grid, uniq_lodul
Temple:   mainiacjoe_temple_starburst
Lair:1:   layout_layer_cave, maelrawn_ghost_gauntlet_escape,
          infiniplex_staircase_pool_2
Lair:2:   beast_lair_carwin_large_3, layout_cave_pods, spider_nest_entry_webs
Lair:3:   gammafunk_cloud_chamber, layout_cave_pods,
          chequers_serial_rivers_large_a
Lair:4:   layout_concentric_octagons, minmay_swamp_entry_worms,
          infiniplex_staircase_pool, lemuel_fruit_tree, grunt_megastairs_4,
          serial_bayou_shore_b, uniq_josephine
Lair:5:   layout_roguey, minmay_holes, serial_bayou_shore_a
Lair:6:   minmay_lair_end_enchanted_forest, layout_regular_city, slime_altar_1,
          gauntlet_entry_generic
Gauntlet: minmay_gauntlet_77_indecision [minmay_gauntlet_arena_77_squiggly,
          minmay_gauntlet_arena_77_cramped, minmay_gauntlet_arena_77_shame_cube,
          minmay_gauntlet_arena_77_museum, minmay_gauntlet_arena_77_two_lines,
          minmay_gauntlet_arena_77_box, gauntlet_exit_green]

Skill      XL: |  1  2  3  4  5  6  7  8  9 10 11 12 13 14 |
---------------+-------------------------------------------+-----
Earth Magic    | 4 5 6 7 8 10 | 10.0
Spellcasting   | 3 4 5 7 10 | 10.0
Fighting       | 5 8 10 12 13 | 13.8
Shields        | 6 10 | 10.0
Conjurations   | 3 8 10 11 | 11.0
Dodging        | 3 6 9 10 | 10.0
Stealth        | |  2.1
Transmutations | |  0.7

Action                   |  1- 3 |  4- 6 |  7- 9 | 10-12 | 13-15 || total
-------------------------+-------+-------+-------+-------+-------++-------
Melee: Short sword       |    53 |   164 |   235 |       |       ||   452
       Staff             |    19 |       |    21 |    40 |       ||    80
       Dagger            |       |       |    60 |   526 |   974 ||  1560
 Cast: Sandblast         |    13 |    33 |   104 |   228 |    20 ||   398
       Stone Arrow       |       |       |     4 |    33 |   191 ||   228
       Passwall          |       |       |     1 |       |       ||     1
Evoke: Wand              |       |       |       |     3 |    10 ||    13
  Use: Scroll            |       |     1 |    15 |     8 |     5 ||    29
       Potion            |       |       |       |       |     5 ||     5
 Stab: Sleeping          |     5 |     3 |     8 |       |       ||    16
Armor: Robe              |    26 |    50 |   227 |   368 |   564 ||  1235
Dodge: Dodged            |    41 |    57 |   263 |   340 |   687 ||  1388
Block: Buckler           |     1 |    16 |    55 |    61 |       ||   133
       Kite shield       |       |       |       |   255 |   718 ||   973

Table legend: (Time is in decaauts)
 A = Elapsed time spent in this place.
 B = Non-inter-level travel time spent in this place.
 C = Inter-level travel time spent in this place.
 D = Time resting spent in this place.
 E = Time spent auto-exploring this place.
 F = Levels seen in this place.
 G = Mean time per level.
                   A        B        C        D        E       F      G
               +--------+--------+--------+--------+--------+-----+--------+
         Total |  23844 |  22250 |   1594 |   3056 |  10242 |  21 | 1135.4 |
       Dungeon |  13515 |  12242 |   1273 |   1426 |   5503 |  12 | 1126.2 |
        Temple |    621 |    520 |    101 |      0 |    489 |   1 |  621.0 |
          Lair |   7638 |   7418 |    220 |   1359 |   3636 |   6 | 1273.0 |
         Sewer |   1373 |   1373 |      0 |    267 |    504 |   1 | 1373.0 |
      Gauntlet |    694 |    694 |      0 |      4 |    109 |   1 |  694.0 |
               +--------+--------+--------+--------+--------+-----+--------+

Top non-repeatable levels by time:
  Lair:5: 1791 daAuts
  Lair:2: 1486 daAuts
     D:7: 1443 daAuts
  Lair:3: 1438 daAuts
  Lair:4: 1411 daAuts
   Sewer: 1373 daAuts
     D:4: 1332 daAuts
    D:10: 1232 daAuts
    D:12: 1216 daAuts
  Lair:1: 1201 daAuts
    D:11: 1189 daAuts
     D:2: 1155 daAuts
     D:5: 1134 daAuts
     D:1: 1096 daAuts
     D:8: 990 daAuts
